TOP OF THE 1ST |
Highwood Hawks batting - Pitching for Louisiana Dragoons : LHP Javier Vallejo
|
Pitching: LHP Javier Vallejo
|
|
Batting: RHB Jamal Grant
|
0-0: Ball 1-0: Fly out, F6 (Popup, 6M)
|
Batting: RHB Jurg Dansen
|
0-0: Ball 1-0: Ground out U3 (Groundball, 34)
|
Batting: RHB Jimmy Scott
|
0-0: Ball 1-0: Called Strike 1-1: Ground out 1-3 (Groundball, 13S)
|
Top of the 1st over - 0 runs, 0 hits, 0 errors, 0 left on base; Highwood 0 - Louisiana 0 |
BOTTOM OF THE 1ST |
Louisiana Dragoons batting - Pitching for Highwood Hawks : LHP Matt Harper
|
Pitching: LHP Matt Harper
|
|
Batting: LHB Carlos Barrera
|
0-0: Bunt missed! 0-1: Ball 1-1: Ball 2-1: Foul Ball, location: 2F 2-2: Foul Ball, location: 2F 2-2: Strikes out looking
|
Batting: SHB Hong-bo Zhui
|
0-0: Ball 1-0: Ball 2-0: Called Strike 2-1: Fly out, F8 (Flyball, 8RS)
|
Batting: SHB Francisco Enríquez
|
0-0: DOUBLE (Line Drive, 9LS)
|
Pinch Runner at 2nd Spencer Gamble:
|
|
Batting: RHB Richello Oliva
|
0-0: Ball 1-0: Swinging Strike 1-1: Foul Ball, location: 2F 1-2: Strikes out swinging
|
Bottom of the 1st over - 0 runs, 1 hit, 0 errors, 1 left on base; Highwood 0 - Louisiana 0 |
TOP OF THE 2ND |
Highwood Hawks batting - Pitching for Louisiana Dragoons : LHP Javier Vallejo
|
Now at 3B: Spencer Gamble
|
|
Batting: RHB Jon Deal
|
0-0: Foul Ball, location: 2F 0-1: Ball 1-1: Foul Ball, location: 2F 1-2: Strikes out swinging
|
Batting: RHB Ron Lawrence
|
0-0: Swinging Strike 0-1: Swinging Strike 0-2: Strikes out swinging, 2-3 out at first.
|
Batting: RHB David Warren
|
0-0: Swinging Strike 0-1: Foul Ball, location: 2F 0-2: Ball 1-2: Ball 2-2: Ball 3-2: Base on Balls
|
Batting: LHB Scott Miles
|
0-0: Foul Ball, location: 2F 0-1: Swinging Strike 0-2: Ball 1-2: Strikes out swinging
|
Top of the 2nd over - 0 runs, 0 hits, 0 errors, 1 left on base; Highwood 0 - Louisiana 0 |
BOTTOM OF THE 2ND |
Louisiana Dragoons batting - Pitching for Highwood Hawks : LHP Matt Harper
|
Batting: LHB Javier Seco
|
0-0: Fly out, F7 (Line Drive, 78M)
|
Batting: RHB Denny Moore
|
0-0: Called Strike 0-1: Called Strike 0-2: Foul Ball, location: 2F 0-2: Ball 1-2: SINGLE (Line Drive, 56D)
|
Batting: LHB Walt Trombly
|
0-0: Swinging Strike 0-1: Fly out, F4 (Popup, 4MD)
|
Batting: RHB Toshikasu Otani
|
0-0: Ball 1-0: Called Strike 1-1: Ball 2-1: Ball 3-1: Base on Balls Denny Moore to second
|
Batting: SHB Brian Carr
|
0-0: Swinging Strike 0-1: SINGLE (Groundball, 4MD) Denny Moore to third Toshikasu Otani to second Runner from 3rd tries for Home, SAFE, no throw
|
Batting: LHB Carlos Barrera
|
0-0: Called Strike 0-1: Ball 1-1: Called Strike 1-2: Strikes out swinging
|
Bottom of the 2nd over - 1 run, 2 hits, 0 errors, 2 left on base; Highwood 0 - Louisiana 1 |
TOP OF THE 3RD |
Highwood Hawks batting - Pitching for Louisiana Dragoons : LHP Javier Vallejo
|
Batting: LHB Cal MacKim
|
0-0: Ball 1-0: Swinging Strike 1-1: Ball 2-1: Foul Ball, location: 2F 2-2: Foul Ball, location: 2F 2-2: Strikes out swinging
|
Batting: RHB Paco Ibarra
|
0-0: Ball 1-0: Foul Ball, location: 2F 1-1: Ball 2-1: Ball 3-1: Base on Balls
|
Batting: RHB Jamal Grant
|
0-0: Called Strike 0-1: Foul Ball, location: 2F 0-2: Ball 1-2: Ball 2-2: Ground out 4-3 (Groundball, 4MD) Paco Ibarra to second
|
Batting: RHB Jurg Dansen
|
0-0: Called Strike 0-1: Swinging Strike 0-2: Strikes out swinging
|
Top of the 3rd over - 0 runs, 0 hits, 0 errors, 1 left on base; Highwood 0 - Louisiana 1 |
BOTTOM OF THE 3RD |
Louisiana Dragoons batting - Pitching for Highwood Hawks : LHP Matt Harper
|
Batting: SHB Hong-bo Zhui
|
0-0: Ball 1-0: Ball 2-0: DOUBLE (Line Drive, 78D)
|
Batting: RHB Spencer Gamble
|
0-0: Foul Ball, location: 2F 0-1: Ball 1-1: Ball 2-1: Called Strike 2-2: Ball 3-2: SINGLE (Groundball, 5D) Hong-bo Zhui to third
|
Batting: RHB Richello Oliva
|
0-0: Ball 1-0: Ball 2-0: Ball 3-0: Called Strike 3-1: Called Strike 3-2: Foul Ball, location: 2F 3-2: Base on Balls Spencer Gamble to second
|
Batting: LHB Javier Seco
|
0-0: Ball 1-0: Ground out 5-3 (Groundball, 56S) Hong-bo Zhui scores Spencer Gamble to third Richello Oliva to second
|
Batting: RHB Denny Moore
|
0-0: Fly out, F8 (Line Drive, 8RD) Runner from 3rd tags up, SCORES, throw made
|
Batting: LHB Walt Trombly
|
0-0: Ball 1-0: Ball 2-0: Foul Ball, location: 2F 2-1: Ball 3-1: SINGLE (Line Drive, 4MD) Richello Oliva to third Runner from 3rd tries for Home, SAFE, no throw
|
Batting: RHB Toshikasu Otani
|
0-0: Called Strike 0-1: Ball 1-1: Ball 2-1: Ball 3-1: Base on Balls Walt Trombly to second
|
Batting: SHB Brian Carr
|
0-0: Ball 1-0: DOUBLE (Line Drive, 89D) Walt Trombly scores Toshikasu Otani to third Runner from 3rd tries for Home, SAFE, no throw
|
Batting: LHB Carlos Barrera
|
0-0: Called Strike 0-1: Ball 1-1: Ball 2-1: Ground out 4-3 (Groundball, 4)
|
Bottom of the 3rd over - 5 runs, 4 hits, 0 errors, 1 left on base; Highwood 0 - Louisiana 6 |
TOP OF THE 4TH |
Highwood Hawks batting - Pitching for Louisiana Dragoons : LHP Javier Vallejo
|
Batting: RHB Jimmy Scott
|
0-0: Called Strike 0-1: SINGLE (Line Drive, 9S)
|
Batting: RHB Jon Deal
|
0-0: Called Strike 0-1: Foul Ball, location: 2F 0-2: Foul Ball, location: 2F 0-2: Foul Ball, location: 2F 0-2: Foul Ball, location: 2F 0-2: Ball 1-2: Foul Ball, location: 2F 1-2: Ball 2-2: Ball 3-2: Foul Ball, location: 2F 3-2: SINGLE (Groundball, 34D) Jimmy Scott to second
|
Batting: RHB Ron Lawrence
|
0-0: Ball 1-0: Foul Ball, location: 2F 1-1: Ball 2-1: Foul Ball, location: 2F 2-2: Ground out 4-3 (Groundball, 4MS) Jimmy Scott to third Jon Deal to second
|
Batting: RHB David Warren
|
0-0: Ball 1-0: DOUBLE (Groundball, 5D) Jimmy Scott scores Jon Deal scores
|
Batting: LHB Scott Miles
|
0-0: Called Strike 0-1: Ball 1-1: Ball 2-1: Foul Ball, location: 2F 2-2: Ball 3-2: Foul Ball, location: 2F 3-2: Foul Ball, location: 2F 3-2: Foul Ball, location: 2F 3-2: SINGLE (Flyball, 7LS) David Warren to third Runner from 3rd tries for Home, SAFE, no throw
|
Batting: LHB Cal MacKim
|
0-0: Called Strike 0-1: Foul Ball, location: 2F 0-2: Ball Wild Pitch! Scott Miles to second 1-2: Strikes out swinging
|
Batting: RHB Paco Ibarra
|
0-0: Called Strike 0-1: Ball 1-1: Swinging Strike 1-2: Foul Ball, location: 2F 1-2: Strikes out swinging
|
Top of the 4th over - 3 runs, 4 hits, 0 errors, 1 left on base; Highwood 3 - Louisiana 6 |
BOTTOM OF THE 4TH |
Louisiana Dragoons batting - Pitching for Highwood Hawks : LHP Matt Harper
|
Batting: SHB Hong-bo Zhui
|
0-0: Foul Ball, location: 2F 0-1: Called Strike 0-2: Ball 1-2: Foul Ball, location: 2F 1-2: Foul Ball, location: 2F 1-2: Ground out 5-3 (Groundball, 5)
|
Batting: RHB Spencer Gamble
|
0-0: Ball 1-0: Foul Ball, location: 2F 1-1: Ball 2-1: Swinging Strike 2-2: Ball 3-2: Base on Balls
|
Batting: RHB Richello Oliva
|
0-0: Ball 1-0: Foul Ball, location: 2F 1-1: Ball 2-1: Called Strike 2-2: Ball 3-2: TRIPLE (Flyball, 89XD) Spencer Gamble scores
|
Batting: LHB Javier Seco
|
0-0: Ground out 3-1 (Groundball, 34S) Richello Oliva scores
|
Batting: RHB Denny Moore
|
0-0: SINGLE (Groundball, 34D)
|
Pitching: RHP Nikita van de Haar
|
|
Batting: LHB Walt Trombly
|
0-0: Ball 1-0: Fly out, F7 (Flyball, 78D)
|
Bottom of the 4th over - 2 runs, 2 hits, 0 errors, 1 left on base; Highwood 3 - Louisiana 8 |
TOP OF THE 5TH |
Highwood Hawks batting - Pitching for Louisiana Dragoons : LHP Javier Vallejo
|
Batting: RHB Jamal Grant
|
0-0: Ball 1-0: Ball 2-0: Ball 3-0: Called Strike 3-1: Foul Ball, location: 2F 3-2: Strikes out looking
|
Batting: RHB Jurg Dansen
|
0-0: Called Strike 0-1: Called Strike 0-2: SINGLE (Line Drive, 8RS)
|
Pitching: LHP Rafael Rodríguez
|
|
Batting: RHB Jimmy Scott
|
0-0: Called Strike 0-1: Foul Ball, location: 2F 0-2: Ball 1-2: Foul Ball, location: 2F 1-2: Ball 2-2: Strikes out swinging
|
Batting: RHB Jon Deal
|
0-0: Reached on error, E3 (Groundball, 34) Jurg Dansen to second
|
Batting: RHB Ron Lawrence
|
0-0: Ball 1-0: Called Strike 1-1: Ball 2-1: Swinging Strike 2-2: Foul Ball, location: 2F 2-2: Foul Ball, location: 2F 2-2: Foul Ball, location: 2F 2-2: Ball 3-2: Strikes out looking
|
Top of the 5th over - 0 runs, 1 hit, 1 error, 2 left on base; Highwood 3 - Louisiana 8 |
BOTTOM OF THE 5TH |
Louisiana Dragoons batting - Pitching for Highwood Hawks : RHP Nikita van de Haar
|
Batting: RHB Toshikasu Otani
|
0-0: Called Strike 0-1: SINGLE (Line Drive, 8LS)
|
Batting: SHB Brian Carr
|
0-0: Called Strike 0-1: Ball 1-1: Ball 2-1: Ball 3-1: Base on Balls Toshikasu Otani to second
|
Batting: LHB Carlos Barrera
|
0-0: Bunted foul 0-1: Sac Bunt - play at third, runner OUT! 3-5 Brian Carr to second
|
Batting: SHB Hong-bo Zhui
|
0-0: Called Strike 0-1: Foul Ball, location: 2F 0-2: Foul Ball, location: 2F 0-2: Strikes out swinging
|
Batting: RHB Spencer Gamble
|
0-0: Called Strike 0-1: Ball 1-1: Fly out, F8 (Flyball, 8RS)
|
Bottom of the 5th over - 0 runs, 1 hit, 0 errors, 2 left on base; Highwood 3 - Louisiana 8 |
TOP OF THE 6TH |
Highwood Hawks batting - Pitching for Louisiana Dragoons : LHP Rafael Rodríguez
|
Batting: RHB David Warren
|
0-0: Called Strike 0-1: Ball 1-1: Ball 2-1: SINGLE (Line Drive, 4MD)
|
Batting: LHB Scott Miles
|
0-0: Called Strike 0-1: Called Strike 0-2: Strikes out looking
|
Batting: LHB Cal MacKim
|
0-0: Ball 1-0: Called Strike 1-1: Foul Ball, location: 2F 1-2: Ball 2-2: Strikes out swinging
|
Batting: RHB Paco Ibarra
|
Pickoff Throw to First - Out!
|
Top of the 6th over - 0 runs, 1 hit, 0 errors, 0 left on base; Highwood 3 - Louisiana 8 |
BOTTOM OF THE 6TH |
Louisiana Dragoons batting - Pitching for Highwood Hawks : RHP Nikita van de Haar
|
Batting: RHB Richello Oliva
|
0-0: Ball 1-0: Ball 2-0: Swinging Strike 2-1: Ground out 6-3 (Groundball, 6)
|
Batting: LHB Javier Seco
|
0-0: Foul Ball, location: 2F 0-1: SINGLE (Groundball, 4MD)
|
Batting: RHB Denny Moore
|
0-0: Called Strike 0-1: SINGLE (Groundball, 6MD) Javier Seco to second
|
Batting: LHB Walt Trombly
|
0-0: Ball 1-0: Called Strike 1-1: SINGLE (Groundball, 34D) Javier Seco to third Denny Moore to second Runner from 3rd tries for Home, SAFE, no throw
|
Batting: RHB Toshikasu Otani
|
0-0: Called Strike Denny Moore steals 3rd base Walt Trombly to second 0-1: Called Strike 0-2: Ground out U3 (Groundball, 3S) Denny Moore scores Walt Trombly to third
|
Batting: SHB Brian Carr
|
0-0: Called Strike 0-1: Ball 1-1: Ball 2-1: Foul Ball, location: 2F 2-2: Foul Ball, location: 2F 2-2: Foul Ball, location: 2F 2-2: Ball 3-2: Strikes out swinging
|
Bottom of the 6th over - 2 runs, 3 hits, 0 errors, 1 left on base; Highwood 3 - Louisiana 10 |
TOP OF THE 7TH |
Highwood Hawks batting - Pitching for Louisiana Dragoons : LHP Rafael Rodríguez
|
Batting: RHB Paco Ibarra
|
0-0: Ball 1-0: Ground out 5-3 (Groundball, 56)
|
Batting: RHB Jamal Grant
|
0-0: Called Strike 0-1: Called Strike 0-2: Ball 1-2: Ball 2-2: Foul Ball, location: 2F 2-2: Strikes out swinging
|
Batting: RHB Jurg Dansen
|
0-0: Called Strike 0-1: Foul Ball, location: 2F 0-2: Ball 1-2: Foul Ball, location: 2F 1-2: Ball 2-2: Ground out U3 (Groundball, 34)
|
Top of the 7th over - 0 runs, 0 hits, 0 errors, 0 left on base; Highwood 3 - Louisiana 10 |
BOTTOM OF THE 7TH |
Louisiana Dragoons batting - Pitching for Highwood Hawks : RHP Nikita van de Haar
|
Batting: LHB Carlos Barrera
|
0-0: Foul Ball, location: 2F 0-1: Ball 1-1: Ball 2-1: Foul Ball, location: 2F 2-2: Foul Ball, location: 2F 2-2: Ground out 6-3 (Groundball, 56)
|
Batting: SHB Hong-bo Zhui
|
0-0: Fly out, F8 (Flyball, 8LXD)
|
Batting: RHB Spencer Gamble
|
0-0: Ball 1-0: Ball 2-0: Ball 3-0: Base on Balls
|
Batting: RHB Richello Oliva
|
0-0: Called Strike 0-1: Foul Ball, location: 2F 0-2: Ball 1-2: Ball 2-2: Ball 3-2: Strikes out looking
|
Bottom of the 7th over - 0 runs, 0 hits, 0 errors, 1 left on base; Highwood 3 - Louisiana 10 |
TOP OF THE 8TH |
Highwood Hawks batting - Pitching for Louisiana Dragoons : LHP Rafael Rodríguez
|
Batting: RHB Jimmy Scott
|
0-0: Ball 1-0: Ball 2-0: Foul Ball, location: 2F 2-1: Fly out, F5 (Line Drive, 5)
|
Batting: RHB Jon Deal
|
0-0: Ball 1-0: Foul Ball, location: 2F 1-1: Ball 2-1: SINGLE (Groundball, 4MD)
|
Batting: RHB Ron Lawrence
|
0-0: Grounds into double play, 6-4-3 (Groundball, 6)
|
Top of the 8th over - 0 runs, 1 hit, 0 errors, 0 left on base; Highwood 3 - Louisiana 10 |
BOTTOM OF THE 8TH |
Louisiana Dragoons batting - Pitching for Highwood Hawks : RHP Nikita van de Haar
|
Batting: LHB Javier Seco
|
0-0: Fly out, F9 (Line Drive, 89D)
|
Batting: RHB Denny Moore
|
0-0: Ball 1-0: SINGLE (Flyball, 9S)
|
Pitching: RHP Scott Martin
|
|
Batting: LHB Walt Trombly
|
0-0: Ball 1-0: Ball 2-0: Called Strike 2-1: Swinging Strike 2-2: Foul Ball, location: 2F 2-2: Foul Ball, location: 2F 2-2: Strikes out swinging
|
Batting: RHB Toshikasu Otani
|
0-0: Called Strike 0-1: Called Strike Denny Moore is caught stealing 2nd base
|
Bottom of the 8th over - 0 runs, 1 hit, 0 errors, 0 left on base; Highwood 3 - Louisiana 10 |
TOP OF THE 9TH |
Highwood Hawks batting - Pitching for Louisiana Dragoons : LHP Rafael Rodríguez
|
Now at 1B: Alec Hall
|
|
Batting: RHB David Warren
|
0-0: Ground out 6-3 (Groundball, 6)
|
Batting: LHB Scott Miles
|
0-0: Ball 1-0: Called Strike 1-1: Fly out, F7 (Flyball, 7D)
|
Batting: LHB Cal MacKim
|
0-0: Ball 1-0: Foul Ball, location: 2F 1-1: Ground out 5-3 (Groundball, 56)
|
Top of the 9th over - 0 runs, 0 hits, 0 errors, 0 left on base; Highwood 3 - Louisiana 10 |
|